 Dungeon Crawl Stone Soup version 0.19.1-1-g22dce08 (webtiles) character file.

34 Kiturien the Skirmisher (level 3, -7/26 HPs)
             Began as an Octopode Fighter on Jan 18, 2017.
             Mangled by Natasha (8 damage)
             ... on level 2 of the Dungeon.
             The game lasted 00:02:31 (844 turns).

Kiturien the Skirmisher (Octopode Fighter)           Turns: 844, Time: 00:02:33

Health: -7/26      AC:  1    Str: 15    XL:     3   Next: 31%
Magic:  3/3        EV: 12    Int: 10    God:
Gold:   61         SH:  8    Dex: 12    Spells: 0 memorised, 2 levels left

rFire  . . .     SeeInvis .     a - +0 rapier
rCold  . . .     Gourm    .     b - +0 shield
rNeg   . . .     Faith    .     (helmet restricted)
rPois  .         Spirit   .     (no amulet)
rElec  .         Reflect  .     (no ring)
rCorr  .         Harm     .     (no ring)
MR     +....                    (no ring)
Stlth  +++.......               (no ring)
                                (no ring)
                                (no ring)
                                (no ring)
                                (no ring)

@: no status effects
A: almost no armour, stealthy swim, amphibious, 8 rings, constrict 8, camouflage
1, magic resistance 1, gelatinous body 1
a: no special abilities


You were on level 2 of the Dungeon.
You were not hungry.

You visited 1 branch of the dungeon, and saw 2 of its levels.

You collected 61 gold pieces.

Inventory:

Hand Weapons
 a - a +0 rapier (weapon)
Armour
 b - a +0 shield (worn)
Jewellery
 e - a +4 ring of intelligence {unknown}
Scrolls
 f - a scroll of random uselessness
 h - a scroll of identify {unknown}
 j - a scroll of noise {unknown}
 k - a scroll of fog {unknown}
Potions
 c - a potion of might
Comestibles
 d - a bread ration
 g - a royal jelly
 i - a beef jerky


   Skills:
 + Level 3.6 Fighting
 + Level 2.1 Short Blades
 + Level 3.3 Dodging
 + Level 1.3 Stealth
 + Level 3.1 Shields


You had 2 spell levels left.
You didn't know any spells.

Dungeon Overview and Level Annotations

Branches:
Dungeon (2/15)

Altars:

Annotations:
D:2 Natasha


Innate Abilities, Weirdness & Mutations

You cannot wear most types of armour.
You are very stealthy in the water. (Stealth+)
You are amphibious.
You can wear up to eight rings at the same time.
You can use your tentacles to constrict eight enemies at once.
Your skin changes colour to match your surroundings (Stealth+).
Your rubbery body absorbs attacks. (AC +1, EV +1)
You are resistant to hostile enchantments. (MR+)


Message History

The dust glows pulsating cobalt blue!
It was a scroll of random uselessness.
Found 9 gold pieces and a spear.
Natasha hisses angrily.
You closely miss Natasha. Your grab misses Natasha.
Your squeeze misses Natasha. Natasha claws you.
You closely miss Natasha. Your grab misses Natasha. Natasha claws you!
You barely miss Natasha. You grab Natasha. You constrict Natasha.
Natasha casts a spell at you. The magic dart hits you! Natasha claws you!
* * * LOW HITPOINT WARNING * * *
You hit Natasha but do no damage.
Natasha is moderately wounded.
You constrict Natasha. Natasha barely misses you.
You hit Natasha.
Natasha is heavily wounded.
You constrict Natasha.
Natasha wildly gestures.
You feel disoriented. Natasha claws you!
You die...

.....).
.....#.########
..............#
.............#
.......!....#
#.........#
#.........#
#......@h.#
##<#.######
#.#.# #.#.#
#)#.# #.###.#$.
#.....###
#####.# ...


You could see Natasha.

Vanquished Creatures
  An ooze (D:1)
  A dart slug (D:1)
  A leopard gecko (D:1)
  2 bats (D:1)
  A giant cockroach (D:1)
  3 goblins (D:1)
  4 hobgoblins (D:1)
  5 kobolds (D:1)
  A quokka (D:2)
  A ball python (D:1)
  4 rats (D:1)
24 creatures vanquished.

Notes
Turn   | Place    | Note
-------+----------+-------------------------------------------
     0 | D:1      | Kiturien the Octopode Fighter began the quest for the Orb.
     0 | D:1      | Reached XP level 1. HP: 16/16 MP: 1/1
   188 | D:1      | Reached XP level 2. HP: 21/21 MP: 2/2
   461 | D:1      | Gained mutation: You are resistant to hostile enchantments. (MR+) [potion of beneficial mutation]
   484 | D:1      | Reached skill level 1 in Stealth
   492 | D:1      | Reached XP level 3. HP: 26/26 MP: 3/3
   822 | D:2      | Noticed Natasha
   842 | D:2      | HP: 1/26 [Natasha (9)]
   844 | D:2      | Mangled by Natasha

Skill      XL: |  1  2 |
---------------+-------+-----
Stealth        | 1 |  1.3
Fighting       | |  3.6
Short Blades   | |  2.1
Dodging        | |  3.3
Shields        | |  3.1

Action                   || total
-------------------------++-------
Melee: Rapier            ||    53
       Constrict         ||     9
       Tentacles         ||     7
  Use: Potion            ||     2
       Scroll            ||     1
 Stab: Sleeping          ||     4
Armor: Skin              ||     4
Dodge: Dodged            ||    23
Block: Shield            ||    22
